AoeStats
← Lag

Arena

510210643Analyzed
4v4 RM · 1d ago on Sep 30, 2026· 22m 59s· 8 players
Game mode
Random Map
Map size
Large (8 player)
Population
200
Speed
Normal
Resources
Standard
Victory
Conquest
Starting age
Dark Age
Ending age
Imperial Age
RankedLock teamsTeams togetherTeam positionsShared explorationLock speedFull tech treeHidden civsTurbo modeCheats
Victory
Defeat
🇧🇷 Persians · Brazil
728
+9
🇲🇽 Britons · Mexico
722
+10
🇨🇴 Berbers · Colombia
720
+10
🇧🇷 Wei · Brazil
703
+10
🇨🇦 Danes · Canada
616
-12
🇵🇪 Spanish · Peru
595
-10
🇳🇿 Wu · New Zealand
548
-9
🇨🇱 Romans · Chile
529
-8
V snacks
6:27 Loom
11:43 Feudal Age
11:53 Feudal Age
14:25 Arson
15:21 Town Watch
15:32 Horse Collar
16:18 Double-Bit Axe
19:48 Castle Age
20:36 Wheelbarrow
20:00 Fletching
20:14 Scale Mail Armor
20:26 Forging
21:25 Stone Mining
22:06 Chain Mail Armor
22:18 Squires
Mapuche Mayer
León XIV
0:41 Loom
12:57 Feudal Age
13:36 Double-Bit Axe
13:34 Horse Collar
14:13 Stone Mining
17:33 Fletching
18:22 Gold Mining
18:48 Bloodlines
23:18 Castle Age
Lag
Balardroch
0:42 Loom
13:33 Feudal Age
21:57 Castle Age
22:43 Double-Bit Axe
La Morte Noire
11:07 Feudal Age
14:59 Castle Age
13:35 Double-Bit Axe
13:51 Horse Collar
15:38 Wheelbarrow
18:21 Bow Saw
18:47 Heavy Plow
ALISON
11:42 Feudal Age
17:31 Castle Age
16:31 Double-Bit Axe
17:21 Stone Mining
17:24 Gold Mining
20:40 Bow Saw
bibizin008
0:39 Loom
13:06 Feudal Age
13:47 Gold Mining
13:47 Stone Mining
13:53 Double-Bit Axe
13:50 Horse Collar
20:01 Castle Age
23:12 Gold Shaft Mining
23:12 Stone Shaft Mining
Connection lost

Rejoining the realm…

Still unreachable

The connection could not be restored.

Session expired

The server has moved on; the page needs a fresh start.